 Dungeon Crawl Stone Soup version 0.30.0-19-g36f170ea60 (webtiles) character file.

Game seed: 13345973516364014785

614 Agrostarius the Slasher (level 7, 0/60 HPs)
             Began as a Hill Orc Berserker on May 30, 2023.
             Was a Believer of Trog.
             Succumbed to a killer bee's poison
             ... on level 5 of the Dungeon.
             The game lasted 00:06:52 (3465 turns).

Agrostarius the Slasher (Hill Orc Berserker)        Turns: 3465, Time: 00:06:53

Health: 0/60       AC:  1    Str: 22    XL:     7   Next: 44%
Magic:  7/7        EV: 12    Int:  7    God:    Trog [**....]
Gold:   204        SH:  5    Dex: 10    Spells: 6/6 levels left

rFire   . . .        l - +0 great sword
rCold   . . .        (shield currently unavailable)
rNeg    . . .        (no body armour)
rPois   .            h - +0 helmet
rElec   .            (no cloak)
rCorr   .            (no gloves)
SInv    .            (no boots)
Will    .....        B - amulet of reflection
Stlth   +            (no ring)
HPRegen 0.30/turn    (no ring)
MPRegen 0.10/turn

%: reflection
@: lethally poisoned (0 -> -19)
A: no striking features
a: Renounce Religion, Berserk, Trog's Hand


You were on level 5 of the Dungeon.
You worshipped Trog.
Trog was pleased with you.
You visited 1 branch of the dungeon, and saw 5 of its levels.

You collected 204 gold pieces.

Inventory:

Hand Weapons
 a - a +0 hand axe
 e - a +0 long sword
 l - a +0 great sword (weapon)
 x - a +0 war axe
Missiles
 k - 8 javelins (quivered)
Armour
 b - a +0 animal skin
 d - a +0 ring mail
 h - a +0 helmet (worn)
 o - a +0 plate armour
Jewellery
 m - a ring of see invisible
 B - an amulet of reflection (around neck)
Wands
 z - a wand of quicksilver (9)
 D - a wand of flame (19)
Scrolls
 f - a scroll of noise {unknown}
 i - 2 scrolls of identify {unknown}
 j - a scroll of blinking {unknown}
 n - a scroll of teleportation {unknown}
 q - 3 scrolls of fear {unknown}
 u - 5 scrolls of amnesia {unknown}
 v - a scroll of fog {unknown}
 y - a scroll of silence {unknown}
Potions
 c - 5 potions of curing {unknown}
 g - 2 potions of berserk rage {unknown}
 p - 2 potions of haste {unknown}
 r - 2 potions of heal wounds {unknown}
 s - 2 potions of attraction {unknown}
 t - 2 potions of brilliance {unknown}
 w - a potion of might {unknown}
 A - a potion of lignification {unknown}
 C - a potion of degeneration {unknown}
 E - 2 potions of flight {unknown}


   Skills:
 + Level 4.9 Fighting
 * Level 6.6 Long Blades
 - Level 4.3 Axes
 + Level 4.0 Armour
 - Level 1.6 Dodging
 + Level 1.3 Shields


You had 6 spell levels left.
You didn't know any spells.
Your spell library was empty.

Dungeon Overview and Level Annotations

Branches:
Dungeon (5/15)             Temple (0/1) D:4

Altars:
Trog

Shops:
D:1 !


Message History

You continue taking off your +0 ring mail.
You block the killer bee's attack. The killer bee barely misses you.
The killer bee stings you but does no damage.
You block the killer bee's attack.
You continue taking off your +0 ring mail.
The killer bee barely misses you. The killer bee misses you.
The killer bee stings you but does no damage.
You block the killer bee's attack.
You finish taking off your +0 ring mail.
You miss the killer bee. The killer bee stings you.
The killer bee misses you. x2
You block the killer bee's attack. x2; The killer bee barely misses you. x2
The killer bee closely misses you. You block the killer bee's attack.
You miss the killer bee. The killer bee stings you!
You are poisoned.
The killer bee poisons you! The killer bee barely misses you.
The killer bee stings you. x2; The killer bee closely misses you.
The killer bee stings you.
You slash the killer bee!
The killer bee is almost dead.
You feel very sick. The killer bee stings you.
You are more poisoned.
The killer bee poisons you! The killer bee barely misses you.
The killer bee stings you! x2
* * * LOW HITPOINT WARNING * * *
The killer bee barely misses you. The killer bee stings you.
* * * LOW HITPOINT WARNING * * *
The killer bee barely misses you. The killer bee closely misses you. x2
The killer bee attacks as you move away!
The killer bee stings you.
* * * LOW HITPOINT WARNING * * *
You are more poisoned.
The killer bee poisons you!
The killer bee attacks as you move away!
The killer bee stings you.
* * * LOW HITPOINT WARNING * * *
x2 You feel very sick.
The killer bee stings you.
* * * LOW HITPOINT WARNING * * *
You die...

# #. ### #.# ..# #.## #.#
##.. #.# #..#..y########
#.# ....>.yy.@....# #.#
......y######.###.######
....... ##............#
......####........####.#
................### #.#
..$..............#####.###
..... ##..................
..... #.........####..#.#
###.......## #.....


You could see 4 killer bees.

Vanquished Creatures
  2 black bears
  A scorpion (D:5)
  A bullfrog (D:4)
  A howler monkey (D:4)
  2 hounds (D:4)
  A jelly (D:4)
  2 iguanas
  Ijyb (D:3)
  3 adders
  2 worms (D:2)
  A dart slug (D:3)
  An orc (D:4)
  4 ball pythons
  6 bats
  4 endoplasms (D:2)
  7 giant cockroaches
  7 goblins
  6 hobgoblins
  4 jackals (D:5)
  5 quokkas
  3 frilled lizards
  6 kobolds
  12 rats
82 creatures vanquished.

Vanquished Creatures (others)
  A ball python (D:3)
1 creature vanquished.

Grand Total: 83 creatures vanquished

Notes
Turn   | Place    | Note
-------+----------+-------------------------------------------
     0 | D:1      | Agrostarius the Hill Orc Berserker began the quest for the
                  | Orb.
     0 | D:1      | Reached XP level 1. HP: 19/19 MP: 1/1
    85 | D:1      | Reached XP level 2. HP: 27/27 MP: 2/2
   261 | D:1      | Found Heale's Distillery.
   513 | D:1      | Reached XP level 3. HP: 33/33 MP: 3/3
   514 | D:1      | Reached ** piety under Trog
   515 | D:1      | Reached skill level 1 in Long Blades
  1012 | D:2      | Reached skill level 2 in Long Blades
  1091 | D:2      | Reached XP level 4. HP: 38/41 MP: 4/4
  2096 | D:3      | Reached skill level 3 in Long Blades
  2271 | D:3      | Noticed Ijyb
  2289 | D:3      | Killed Ijyb
  2290 | D:3      | Reached XP level 5. HP: 47/47 MP: 5/5
  2523 | D:4      | Found a staircase to the Ecumenical Temple.
  2558 | D:4      | Reached skill level 4 in Long Blades
  2841 | D:4      | Reached XP level 6. HP: 46/53 MP: 6/6
  2921 | D:4      | Reached skill level 5 in Long Blades
  3135 | D:4      | Noticed a black bear
  3139 | D:4      | Killed a black bear
  3140 | D:4      | Reached skill level 1 in Shields
  3140 | D:4      | Reached XP level 7. HP: 52/60 MP: 7/7
  3184 | D:4      | Found a bloodstained altar of Trog.
  3280 | D:5      | Entered Level 5 of the Dungeon
  3319 | D:5      | Reached skill level 6 in Long Blades
  3465 | D:5      | Succumbed to a killer bee's poison

Illustrated notes

Levels and vault maps discovered:
D:1:      onia_arrival_handbag, layout_rooms, serial_shops, shop,
          hangedman_decor_growths
D:2:      layout_loops_ring, kennysheep_generic_room_14
D:3:      layout_basic, uniq_ijyb
D:4:      layout_cave_pools, kennysheep_mini_moat, minmay_temple_entry_tees,
          chequers_serial_rivers_micro_d
D:5:      layout_loops_ring, uniq_edmund

Skill      XL: |  1  2  3  4  5  6  7 |
---------------+----------------------+-----
Fighting       | 4 |  4.9
Long Blades    | 2 3 4 5 6 |  6.6
Armour         | 3 4 |  4.0
Shields        | 1 |  1.3
Axes           | |  4.3
Dodging        | |  1.6

Action                     |  1- 3 |  4- 6 |  7- 9 || total
---------------------------+-------+-------+-------++-------
  Melee: Hand axe          |    18 |       |       ||    18
         Long sword        |    90 |       |       ||    90
         Punch             |     3 |       |       ||     3
         Great sword       |    22 |   104 |    29 ||   155
 Invoke: Berserk           |       |     1 |     1 ||     2
   Stab: Sleeping          |     1 |       |       ||     1
 Armour: Animal skin       |     3 |       |       ||     3
         Ring mail         |    49 |    57 |    22 ||   128
  Dodge: Dodged            |    75 |    86 |    34 ||   195
  Block: Other             |       |    22 |    17 ||    39
         Reflection        |       |     1 |       ||     1
